 Dungeon Crawl Stone Soup version 0.18-a0-1121-gb454403 (webtiles) character file.

90 Geeful the Magician (level 4, -2/27 HPs)
             Began as an Octopode Wizard on Jan 18, 2016.
             Slain by an adder (5 damage)
             ... on level 2 of the Dungeon.
             The game lasted 00:07:46 (2016 turns).

Geeful the Magician (Octopode Wizard)               Turns: 2016, Time: 00:07:46

Health: -2/27      AC:  1    Str:  6    XL:     4   Next: 56%
Magic:  5/10       EV: 12    Int: 21    God:
Gold:   26         SH:  0    Dex: 10    Spells: 4 memorised, 3 levels left

rFire  . . .     SeeInvis .     f - +0 dagger
rCold  . . .     Gourm    .     (no shield)
rNeg   . . .     Faith    .     a - +0 hat
rPois  .         Spirit   .     h - amulet of dismissal
rElec  .         Dismiss  +     (no ring)
rCorr  .         Reflect  .     (no ring)
SustAt .         Harm     .     (no ring)
MR     .....                    (no ring)
Stlth  +++.......               (no ring)
                                (no ring)
                                (no ring)
                                (no ring)

@: not resistant to hostile enchantments, fairly stealthy
A: almost no armour, amphibious, 8 rings, constrict 8, camouflage 1, gelatinous
body 1
a: no special abilities


You were on level 2 of the Dungeon.
You were not hungry.

You visited 1 branch of the dungeon, and saw 2 of its levels.

You collected 26 gold pieces.

Inventory:

Hand Weapons
 f - a +0 dagger (weapon)
Armour
 a - a +0 hat (worn)
Jewellery
 h - an amulet of dismissal (around mantle)
Scrolls
 k - a scroll of fog {unknown}
 m - a scroll of amnesia {unknown}
Potions
 d - 2 potions of curing
 e - a potion of agility {unknown}
 i - 2 potions of flight
 j - a potion of heal wounds {unknown}
 l - a potion of cure mutation {unknown}
 o - 2 potions of magic {unknown}
 p - a potion of brilliance {unknown}
 q - a potion of lignification {unknown}
Books
 b - a book of Minor Magic

   Spells                             Type                      Level
   a - Magic Dart                     Conjuration                  1
   b - Blink                          Translocation                2
   c - Call Imp                       Summoning                    2
   d - Repel Missiles                 Charms/Air                   2
   e - Slow                           Hexes                        2
   f - Conjure Flame                  Conjuration/Fire             3
   g - Mephitic Cloud                 Conjuration/Poison/Air       3
Comestibles
 c - a bread ration
 g - 3 chunks of flesh
 n - a meat ration


   Skills:
 - Level 2.0 Dodging
 - Level 2.6 Stealth
 + Level 4.1 Spellcasting
 + Level 2.8 Conjurations
 - Level 1.0 Summonings
   Level 1.0 Translocations


You had 3 spell levels left.
You knew the following spells:

 Your Spells              Type           Power        Failure   Level  Hunger
a - Magic Dart            Conj           ###.         4%          1    None
b - Call Imp              Summ           #.......     12%         2    #......
c - Repel Missiles        Chrm/Air       #.....       17%         2    #......
d - Mephitic Cloud        Conj/Pois/Air  #.......     30%         3    ###....


Dungeon Overview and Level Annotations

Branches:
Dungeon (2/15)

Altars:


Innate Abilities, Weirdness & Mutations

You cannot wear most types of armour.
You are amphibious.
You can wear up to eight rings at the same time.
You can use your tentacles to constrict eight enemies at once.
Your skin changes colour to match your surroundings (Stealth).
Your rubbery body absorbs attacks (AC +1).


Message History

Your white imp hits the gnoll.
The gnoll dies!
What do you say? t - Shout!
Orders for allies: a - Attack new target. r - Retreat! s - Stop attacking. w - Wait here. f - Follow me.
Anything else - Stay silent.
Gang up on whom?
Press: ? - help, Dir - move target cursor, f - adder
Aim: an adder Attack!
Your crimson imp blinks!
Your white imp closely misses the adder.
The adder closely misses you.
Casting: Call Imp
Confirm with . or Enter, or press ? or * to list all spells.
A beastly little devil appears in a puff of frigid air.
The adder bites you.
You die...

#..(.#.# #.#########.####
...(...# ###.#### ##...#.#
#####..# ....5..####.....#. #
#..# #.#............. #
#..###########.#..####...>.##
#
#.........................##
# ##.###########.....#####.##
# #.###########)....# #.# ###
#..........@S5)...# #.# ..#
#############5...<# #.# #.#
####..# #.# #.# #..# #.####
#.# ###..# #....# #.# #....#
####.# #.# #.##.# #.# #.#
#.##.# #.# #.# #.##.# ##.#


You could see an adder and 2 friendly white imps.

Vanquished Creatures
  A gnoll (D:2)
  3 ball pythons
  4 bats
  A giant cockroach (D:1)
  8 goblins
  9 hobgoblins
  6 jackals (D:1)
  5 kobolds
  A giant newt (D:2)
  6 rats
44 creatures vanquished.

Vanquished Creatures (collateral kills)
  2 gnolls (D:2)
  4 adders (D:2)
  A worm (D:2)
7 creatures vanquished.

Grand Total: 51 creatures vanquished

Notes
Turn   | Place    | Note
--------------------------------------------------------------
     0 | D:1      | Geeful the Octopode Wizard began the quest for the Orb.
     0 | D:1      | Reached XP level 1. HP: 11/11 MP: 4/4
   279 | D:1      | Reached XP level 2. HP: 13/17 MP: 6/6
   559 | D:1      | Learned a level 2 spell: Call Imp
   562 | D:1      | Learned a level 2 spell: Repel Missiles
   713 | D:1      | Reached XP level 3. HP: 7/21 MP: 8/8
   723 | D:1      | Learned a level 3 spell: Mephitic Cloud
  1815 | D:2      | Reached XP level 4. HP: 27/27 MP: 6/9
  1824 | D:2      | Reached skill level 4 in Spellcasting
  2016 | D:2      | Slain by an adder

Vault maps used:
D:1:      roderic_dead_forest
D:2:      lemuel_zombie_altar_kikubaaqudgha, serial_park_tiny_1, uniq_iyjb

Action                   |  1- 3 |  4- 6 || total
-------------------------+-------+-------++-------
Melee: Dagger            |    92 |    26 ||   118
 Cast: Magic Dart        |    16 |       ||    16
       Call Imp          |     3 |     5 ||     8
       Repel Missiles    |     1 |       ||     1
  Use: Scroll            |     3 |       ||     3
       Potion            |     1 |       ||     1
 Stab: Sleeping          |     8 |     1 ||     9
  Eat: Chunk             |     3 |     1 ||     4
